 Dungeon Crawl Stone Soup version 0.30-a0-840-ga523dec638 (webtiles) character file.

Game seed: 12685847894696534097

177 xian the Chopper (level 5, -2/39 HPs)
             Began as a Demonspawn Reaver on Mar 2, 2023.
             Slain by an orc wizard
             ... wielding a +0 dagger
              (3 damage)
             ... on level 3 of the Dungeon.
             The game lasted 00:06:56 (1683 turns).

xian the Chopper (Demonspawn Reaver)                Turns: 1683, Time: 00:06:56

Health: -2/39      AC: 14    Str: 12    XL:     5   Next: 31%
Magic:  8/8        EV: 11    Int: 24    God:
Gold:   45         SH:  0    Dex: 14    Spells: 5/8 levels left

rFire   . . .      SeeInvis .    b - +0 flail of Zoefei {chaos, *Noise rPois Int+8}
rCold   + . .      Faith    .    (no shield)
rNeg    . . .      Spirit   .    r - +3 ring mail {rC+}
rPois   +          Reflect  .    (no helmet)
rElec   .          Harm     .    m - +1 cloak
rCorr   .          Rampage  .    (no gloves)
Will    .....                    (no boots)
Stlth   ++                       h - amulet of the acrobat
HPRegen 0.26/turn                k - +4 ring of protection
MPRegen 0.11/turn                (no ring)

@: no status effects
A: claws 2, thin skeletal structure 1, foul stench 1
a: no special abilities


You were on level 3 of the Dungeon.
You visited 1 branch of the dungeon, and saw 3 of its levels.

You collected 45 gold pieces.

Inventory:

Hand Weapons
 b - the +0 flail of Zoefei (weapon) {chaos, *Noise rPois Int+8}
   (You found it on level 3 of the Dungeon)

   Int:       It affects your intelligence (+8).
   rPois:     It protects you from poison.
   *Noise:    It may make noises in combat.
Missiles
 g - 3 poisoned darts (quivered)
Armour
 m - a +1 cloak (worn)
 r - a +3 ring mail of cold resistance (worn)
Magical Staves
 q - a staff of fire
Jewellery
 h - an amulet of the acrobat (around neck)
 k - a +4 ring of protection (left claw)
Wands
 n - a wand of paralysis (6)
Scrolls
 d - a scroll of brand weapon {unknown}
 i - 3 scrolls of enchant weapon {unknown}
 j - 3 scrolls of identify {unknown}
 l - a scroll of torment {unknown}
 o - 2 scrolls of blinking {unknown}
 p - a scroll of amnesia {unknown}
Potions
 a - a potion of ambrosia {unknown}
 c - 2 potions of mutation {unknown}
 e - a potion of curing {unknown}
 f - a potion of flight {unknown}


   Skills:
 + Level 2.6 Fighting
 + Level 4.0 Axes
 + Level 1.9 Armour
 + Level 2.2 Dodging
 + Level 0.1 Stealth
 + Level 2.2 Spellcasting
 + Level 3.3 Conjurations


You had 5 spell levels left.
You knew the following spells:

 Your Spells              Type           Power      Damage    Failure   Level
a - Kiss of Death         Conj/Necr      44%        2d8       13%         1
b - Momentum Strike       Conj/Tloc      22%        3d8       19%         2

Your spell library contained the following spells:

 Spells                   Type           Power      Damage    Failure   Level
 Hailstorm                Conj/Ice       10%        3d5       36%         3
 Inner Flame              Hex/Fire       2%         N/A       61%         3
 Cause Fear               Hex            1%         N/A       95%         4
 Discord                  Hex            1%         N/A       100%        8


Dungeon Overview and Level Annotations

Branches:
Dungeon (3/15)

Altars:

Shops:
D:1 (

Annotations:
D:1 +11 bow


Innate Abilities, Weirdness & Mutations

You have very sharp fingernails.
You have a somewhat thin skeletal structure. (Dex +2, Stealth+)
You may rarely emit foul miasma when damaged in melee.


Message History

g - 2 poisoned darts (gained 1)
g - 3 poisoned darts (gained 1)
An orc is nearby!
An orc wizard and an orc priest come into view.
The orc shouts!
The orc wizard shouts!
The orc priest shouts!
You hear a bark!
The orc wizard casts a spell at you. You resist with some effort.
Items here: )) [ ††.
The orc priest mumbles some strange prayers to Beogh against you.
Beogh smites you!
You hit the orc.
The orc is poisoned.
The orc is severely wounded.
The orc hits you with a +0 flail.
You barely miss the orc.
The orc is almost dead.
You kill the orc!
The orc priest looks braver for a moment.
The orc wizard gestures at you while chanting.
The puff of flame hits you!
The orc priest invokes the aid of Beogh against you.
Beogh smites you!
* * * LOW HITPOINT WARNING * * *
Items here: ))) [ ††.
You thump the orc priest!
The orc priest is heavily wounded.
The orc priest closely misses you.
The orc wizard hits you but does no damage.
You hit the orc priest.
The orc priest is severely wounded.
The orc priest hits you but does no damage.
The orc wizard hits you but does no damage.
Unknown command.
You closely miss the orc priest.
The orc priest is severely wounded.
The orc priest invokes the aid of Beogh against you.
Beogh smites you!
* * * LOW HITPOINT WARNING * * *
The orc wizard hits you with a +0 dagger.
You die...

#.......####..###......>##
#.<.....#................#
##.....##.##..##.........#
##...........###.........#
#.....>†#.....)..........#
###...........####.........#
..........######..........##
...#.....#######.#...<÷....#
#...........o@............#
###.........o###..........#
#.<#.########...........#
⌠....#.# #.#.........#
...#.....# #..##...)...##
####.....# #.# ##.....##
.......# #. #######
###....oo # #......#


You could see an orc priest and an orc wizard.

Vanquished Creatures
  An orc priest (D:3)
  Ijyb (D:3)
  Natasha (D:3)
  Terence (D:2)
  3 worms (D:2)
  A dart slug (D:2)
  7 orcs
  7 ball pythons
  5 bats
  7 endoplasms
  3 giant cockroaches (D:3)
  4 goblins
  4 hobgoblins
  2 jackals (D:1)
  A kobold (D:2)
  2 frilled lizards (D:2)
  2 rats (D:2)
52 creatures vanquished.

Notes
Turn   | Place    | Note
-------+----------+-------------------------------------------
     0 | D:1      | xian the Demonspawn Reaver began the quest for the Orb.
     0 | D:1      | Reached XP level 1. HP: 16/16 MP: 3/3
   161 | D:1      | Found Puummeud's Weapon Shop.
   280 | D:1      | Gained mutation: You may rarely emit foul miasma when
                  | damaged in melee. [demonic ancestry]
   280 | D:1      | Reached XP level 2. HP: 15/17 MP: 5/5
   528 | D:1      | Learned a level 2 spell: Momentum Strike
   605 | D:2      | Reached skill level 3 in Axes
   691 | D:2      | Gained mutation: You have a somewhat thin skeletal
                  | structure. (Dex +2, Stealth+) [demonic ancestry]
   691 | D:2      | Reached XP level 3. HP: 15/26 MP: 3/6
  1128 | D:3      | Noticed Ijyb
  1129 | D:3      | Paralysed by Ijyb for 2 turns
  1140 | D:3      | Paralysed by Ijyb for 4 turns
  1148 | D:3      | Killed Ijyb
  1149 | D:3      | Reached skill level 1 in Armour
  1149 | D:3      | Gained mutation: You have sharp fingernails. [demonic
                  | ancestry]
  1149 | D:3      | Reached XP level 4. HP: 25/31 MP: 3/7
  1218 | D:3      | Noticed Natasha
  1250 | D:3      | Killed Natasha
  1390 | D:3      | Noticed Terence
  1397 | D:2      | Killed Terence
  1458 | D:3      | Gained mutation: You have very sharp fingernails. [demonic
                  | ancestry]
  1458 | D:3      | Reached XP level 5. HP: 39/39 MP: 8/8
  1472 | D:3      | Identified the +0 flail of Zoefei {chaos, *Noise rPois
                  | Int+8}
  1576 | D:3      | Reached skill level 4 in Axes
  1683 | D:3      | HP: 1/39 [orc priest/divine providence (9)]
  1683 | D:3      | Slain by an orc wizard

Illustrated notes

Levels and vault maps discovered:
D:1:      dpeg_arrival_radiant, layout_rooms, serial_shops, shop,
          hangedman_decor_riveting, chequers_serial_rivers_micro_e
D:2:      layout_rooms, nrook_mini_vaults, chequers_arboretum
D:3:      layout_rooms, elyvilon_altar_1, gammafunk_ghost_necromancy,
          uniq_robin, uniq_terence, uniq_natasha, uniq_sigmund, uniq_jessica,
          uniq_ijyb

Skill      XL: |  1  2  3  4  5 |
---------------+----------------+-----
Axes           | 3 4 |  4.0
Dodging        | 2 |  2.2
Armour         | 1 |  1.9
Fighting       | |  2.6
Stealth        | |  0.1
Spellcasting   | |  2.2
Conjurations   | |  3.3

Action                     |  1- 3 |  4- 6 || total
---------------------------+-------+-------++-------
  Melee: Hand axe          |   104 |    30 ||   134
         Mace              |       |     4 ||     4
         Flail             |       |    30 ||    30
  Throw: Dart              |     1 |     2 ||     3
   Cast: Kiss of Death     |     3 |       ||     3
         Momentum Strike   |     4 |     4 ||     8
   Stab: Sleeping          |     1 |     1 ||     2
 Armour: Leather armour    |    42 |    10 ||    52
         Ring mail         |       |    21 ||    21
  Dodge: Dodged            |    73 |    73 ||   146

Table legend: (Time is in decaauts)
 A = Elapsed time spent in this place.
 B = Non-inter-level travel time spent in this place.
 C = Inter-level travel time spent in this place.
 D = Time resting spent in this place.
 E = Time spent auto-exploring this place.
 F = Levels seen in this place.
 G = Mean time per level.
                   A        B        C        D        E       F      G
               +--------+--------+--------+--------+--------+-----+--------+
         Total |   1720 |   1677 |     43 |     90 |    969 |   3 |  573.3 |
       Dungeon |   1720 |   1677 |     43 |     90 |    969 |   3 |  573.3 |
               +--------+--------+--------+--------+--------+-----+--------+

Top non-repeatable levels by time:
     D:2: 771 daAuts
     D:1: 552 daAuts
     D:3: 396 daAuts
